 Dungeon Crawl Stone Soup version 0.18-a0-1788-g92de1ac (webtiles) character file.

38578 Proton the Basher (level 14, -1/92 HPs)
             Began as a Gargoyle Fighter on Apr 21, 2016.
             Was a Priest of Ru.
             Engulfed by a cloud of flame (6 damage)
             ... on level 15 of the Dungeon.
             The game lasted 00:54:44 (17484 turns).

Proton the Basher (Gargoyle Fighter)               Turns: 17484, Time: 00:54:44

Health: -1/92      AC: 30    Str: 22    XL:     14   Next: 2%
Magic:  12/12      EV: 11    Int: 12    God:    Ru [***...]
Gold:   1071       SH:  9    Dex: 14    Spells: 0 memorised, 13 levels left

rFire  + + .     SeeInvis .     j - +4 whip (flame)
rCold  + + .     Gourm    .     N - +0 plate armour
rNeg   + . .     Faith    .     r - +2 buckler {rF+}
rPois  ∞         Spirit   .     (no helmet)
rElec  +         Dismiss  .     w - +0 cloak
rCorr  .         Reflect  .     p - +0 pair of gloves
SustAt .         Harm     .     s - +0 pair of boots
MR     ++...                    (no amulet)
Stlth  ..........               C - ring of protection from cold
                                g - +5 ring of dexterity

@: very resistant to hostile enchantments, extremely unstealthy
A: big wings, rugged brown scales 1, clever 1, cold resistance 1, fire
resistance 1, low mp 1, magic resistance 1, negative energy resistance 1,
electricity resistance, weak 1, unbreathing, petrification resistance, rot
immunity, no stealth, no fire magic, no hexes magic, no translocations magic, AC
+9
a: Fly, Draw Out Power, Renounce Religion


You were on level 15 of the Dungeon.
You worshipped Ru.
Ru was most pleased with you.
You were very hungry.

You visited 2 branches of the dungeon, and saw 16 of its levels.

You collected 1071 gold pieces.

Inventory:

Hand Weapons
 j - a +4 whip of flaming (weapon)
Armour
 p - a +0 pair of gloves (worn)
 r - a +2 buckler of fire resistance (worn)
 s - a +0 pair of boots (worn)
 w - a +0 cloak (worn)
 N - a +0 plate armour (worn)
 T - a +2 shield
Jewellery
 g - a +5 ring of dexterity (left hand)
 C - a ring of protection from cold (right hand)
 U - an uncursed ring of fire
Scrolls
 e - a scroll of remove curse
 h - 4 scrolls of teleportation
 k - a scroll of fear {unknown}
 l - 6 scrolls of enchant weapon
 m - 2 scrolls of enchant armour {unknown}
 q - 2 scrolls of brand weapon {unknown}
 v - 6 scrolls of amnesia {unknown}
 y - 2 scrolls of immolation {unknown}
 z - a scroll of identify
 E - 2 scrolls of random uselessness {unknown}
 F - 2 scrolls of recharging
 G - a scroll of noise
 O - a scroll of blinking
 S - 3 scrolls of fog
 V - a scroll of magic mapping
Potions
 d - 2 potions of might
 i - 7 potions of curing
 n - a potion of brilliance
 t - a potion of cure mutation
 x - a potion of berserk rage
 A - 2 potions of magic
 B - 3 potions of agility
 H - 8 potions of heal wounds
 J - 3 potions of cancellation
 L - 2 potions of flight
Books
 o - a book of the Earth

   Spells                             Type                      Level
   a - Leda's Liquefaction            Hexes/Earth                  4
   b - Bolt of Magma                  Conjuration/Fire/Earth       5
   c - Statue Form                    Transmutation/Earth          6
   d - Iron Shot                      Conjuration/Earth            6
   e - Shatter                        Earth                        9
Comestibles
 a - 7 meat rations
 b - 9 slices of pizza
 c - a fruit
 f - 9 bread rations
 u - 4 beef jerkies


   Skills:
 + Level 11.6 Fighting
 + Level 12.6 Maces & Flails
 + Level 11.7 Armour
 + Level 8.5 Dodging
 + Level 11.4 Shields


You had 13 spell levels left.
You didn't know any spells.

Dungeon Overview and Level Annotations

Branches:
Dungeon (15/15)            Temple (0/1) D:5            Lair (0/8) D:8
    Orc (1/2) D:11         Vaults (0/5) D:14         Depths (0/5) D:15

Altars:
Dithmenos
Elyvilon
Fedhas
Gozag
Okawaru
Qazlal
Ru
Trog
Vehumet
Xom
Yredelemnul
The Shining One

Shops:
D:11 %   Orc:1 ?

Annotations:
D:6 exclusion: oklob plant
D:14 exclusion: Roxanne, Roxanne


Innate Abilities, Weirdness & Mutations

You are resistant to torment.
Your stone body is resilient (AC +9).
You are immune to poison.
Your large and strong wings let you fly indefinitely.
Your magical capacity is low (-10% MP).
You resist negative energy.
You are resistant to electric shocks.
You are weak. (Str -2)
You can survive without breathing.
You are immune to petrification.
You are immune to rotting.
You cannot be stealthy.
You cannot study or cast Fire magic.
You cannot study or cast Hexes magic.
You cannot study or cast Translocations magic.
You are partially covered in rugged brown scales (AC +1, +3% HP).
Your mind is acute. (Int +2)
Your flesh is cold resistant.
Your flesh is heat resistant.
You are resistant to hostile enchantments.


Message History

* * * LOW HITPOINT WARNING * * *
The great blast of fire engulfs the salamander stormcaller.
The salamander stormcaller partially resists. 5 fire vortices come into view.
You hit the salamander stormcaller but do no damage.
The salamander stormcaller is almost dead.
You are engulfed in roaring flames.
You resist.
* * * LOW HITPOINT WARNING * * *
You hit the salamander stormcaller.
You kill the salamander stormcaller!
You have reached level 14!
Your wings grow larger and stronger.
You are engulfed in roaring flames.
You resist.
* * * LOW HITPOINT WARNING * * *
You are engulfed in roaring flames.
You resist.
* * * LOW HITPOINT WARNING * * *
Things that are here:
a halberd; a salamander corpse You are engulfed in roaring flames.
You resist.
You die...

#. #..#.†...# #
#.......###.# ####
###.........# #...
####.###### .# .## #.#
#.# #.## ##'## #.# #.#
##...## #.# #.# ##...§§##
#.## #.# ##....§§@##
#..## #.##
#.....vv§§####...#####...
+.....§§vv§..............
.#
#.....§v§§####...##.##.##
.# ##.......##
#..###.##.## .# ##.....##
#......##.## .# ##...##
##.##..##.## .# ##'##
#.##..##.## .# #.##
#.....##.##


You could see 5 fire vortices.

Vanquished Creatures
  Maud (D:11)
  A salamander stormcaller (D:15)
  Erolcha (D:9)
  A yaktaur captain (D:14)
  2 centaur warriors
  2 tengu warriors (D:15)
  A hell knight (D:15)
  2 skeletal warriors
  2 unseen horrors (D:14)
  8 hill giants
  A griffon (D:14)
  2 deep elf magi
  A manticore (D:13)
  2 cyclopes
  8 ugly things
  8 yaktaurs
  2 kobold demonologists
  A tengu conjurer (D:14)
  2 trolls
  A harpy skeleton (D:15)
  A two-headed ogre (D:14)
  Grinder (D:4)
  10 slime creatures (D:15)
  A blink frog (shapeshifter) (D:15)
  The ghost of Proton the Shield-Bearer, an amateur GrFi of Okawaru (D:3)
  4 shadows
  6 yaks
  Sigmund (D:2)
  Eustachio (D:6)
  A wyvern (D:9)
  A steam dragon (D:14)
  2 hippogriffs
  4 vampire mosquitoes
  2 basilisks (D:15)
  A human (D:11)
  Menkaure (D:5)
  4 hungry ghosts
  A mottled dragon (D:15)
  A soldier ant (D:14)
  A water moccasin (D:10)
  2 ice beasts
  10 orc warriors
  2 sky beasts
  A black bear (D:8)
  7 ogres
  4 phantoms
  An eye of draining (D:14)
  5 boggarts (D:14)
  9 centaurs
  A crocodile (D:14)
  2 big kobolds
  10 giant frogs
  A gnoll sergeant (D:9)
  4 scorpions
  15 killer bees
  5 howler monkeys
  13 wights
  6 centaur zombies
  7 crimson imps
  3 quasits
  8 hounds
  6 jellies
  4 centaur skeletons
  2 giant frog skeletons
  2 giant frog zombies
  8 orc priests
  20 orc wizards
  2 iguanas
  13 worker ants
  Ijyb (D:2)
  A statue (D:9)
  A hound skeleton (D:8)
  Robin (D:3)
  10 gnolls
  8 adders
  A shadow imp (D:14)
  An ooze (D:1)
  An adder zombie (D:9)
  A worm (D:2)
  An adder skeleton (D:7)
  10 giant geckos
  49 orcs
  5 giant cockroaches
  12 goblins
  19 hobgoblins
  10 jackals
  17 kobolds
  3 quokkas
  2 ball pythons (D:3)
  12 bats
  6 giant newts
  A quokka skeleton (D:4)
  2 quokka zombies
  5 rats
  2 fungi (D:6)
  4 plants (D:6)
453 creatures vanquished.

Vanquished Creatures (others)
  A deep elf knight (D:15)
  A skeletal warrior (D:14)
  A yak (D:9)
  A giant newt (D:5)
  A fungus (D:6)
  15 toadstools (D:6)
20 creatures vanquished.

Grand Total: 473 creatures vanquished

Notes
Turn   | Place    | Note
--------------------------------------------------------------
     0 | D:1      | Proton the Gargoyle Fighter began the quest for the Orb.
     0 | D:1      | Reached XP level 1. HP: 14/14 MP: 1/1
   139 | D:1      | Reached XP level 2. HP: 16/19 MP: 2/2
   285 | D:1      | Reached XP level 3. HP: 21/23 MP: 3/3
   416 | D:1      | Reached skill level 1 in Dodging
   808 | D:2      | Found a faded altar to an unknown god.
   822 | D:2      | Became a worshipper of Ru the Awakened
   846 | D:2      | Gained mutation: You cannot study or cast Fire magic. [Ru sacrifice]
   846 | D:2      | Gained mutation: You cannot study or cast Hexes magic. [Ru sacrifice]
   846 | D:2      | Gained mutation: You cannot study or cast Translocations magic. [Ru sacrifice]
   846 | D:2      | Reached * piety under Ru
   869 | D:2      | Noticed Ijyb
   871 | D:2      | Found a blossoming altar of Fedhas.
   872 | D:2      | Found a stormy altar of Qazlal.
   881 | D:2      | Killed Ijyb
   881 | D:2      | Reached XP level 4. HP: 26/29 MP: 4/4
  1041 | D:2      | Noticed Sigmund
  1058 | D:2      | Killed Sigmund
  1058 | D:2      | Reached skill level 3 in Maces & Flails
  1058 | D:2      | Reached XP level 5. HP: 33/33 MP: 5/5
  1058 | D:2      | Reached XP level 6. HP: 38/38 MP: 6/6
  1301 | D:3      | Found an iron altar of Okawaru.
  1339 | D:3      | Reached skill level 4 in Maces & Flails
  1365 | D:3      | Found a sacrificial altar of Ru.
  1368 | D:3      | Found an opulent altar of Gozag.
  1370 | D:3      | Found a glowing golden altar of the Shining One.
  1370 | D:3      | Found a basalt altar of Yredelemnul.
  1429 | D:3      | Noticed Proton's ghost (amateur GrFi)
  1935 | D:4      | Noticed Robin
  1969 | D:3      | Killed Robin
  2009 | D:4      | Noticed a phantom
  2011 | D:4      | Noticed Grinder
  2051 | D:2      | Reached XP level 7. HP: 27/44 MP: 7/7
  2327 | D:4      | Paralysed by Grinder for 7 turns
  2341 | D:4      | Killed Grinder
  2341 | D:4      | Reached skill level 5 in Fighting
  2341 | D:4      | Reached skill level 5 in Maces & Flails
  2341 | D:4      | Reached skill level 5 in Armour
  2458 | D:4      | Reached XP level 8. HP: 18/49 MP: 8/8
  2741 | D:4      | Reached skill level 5 in Shields
  2923 | D:4      | Got a warped falchion
  2924 | D:4      | Identified the +4 falchion of Baesihem {freeze, +Rage Str+3 Dex-4 SInv} (You found it on level 4 of the Dungeon)
  3346 | D:5      | Entered Level 5 of the Dungeon
  3350 | D:5      | Gained mutation: You cannot be stealthy. [Ru sacrifice]
  3459 | D:5      | Noticed Menkaure
  3479 | D:4      | Reached skill level 6 in Maces & Flails
  3855 | D:5      | Killed Menkaure
  3920 | D:5      | Found a staircase to the Ecumenical Temple.
  3997 | D:5      | Gained mutation: You occasionally shout uncontrollably at your foes. [mutagenic meat]
  3998 | D:5      | Gained mutation: Your flesh is heat resistant. [mutagenic meat]
  4402 | D:6      | Noticed Eustachio
  4423 | D:6      | Killed Eustachio
  4423 | D:6      | Reached XP level 9. HP: 53/55 MP: 9/9
  4440 | D:6      | Reached skill level 7 in Maces & Flails
  4782 | D:6      | Found a blossoming altar of Fedhas.
  4805 | D:6      | Noticed an oklob plant
  5552 | D:3      | Found a shadowy altar of Dithmenos.
  5614 | D:3      | Found a shimmering altar of Xom.
  5701 | D:3      | Killed Proton's ghost
  5717 | D:3      | Gained mutation: Your magical capacity is low (-10% MP). [Ru sacrifice]
  5717 | D:3      | Reached ** piety under Ru
  5922 | D:7      | Reached skill level 8 in Maces & Flails
  6567 | D:7      | Found a white marble altar of Elyvilon.
  6568 | D:7      | Found a bloodstained altar of Trog.
  6634 | D:8      | Found a staircase to the Lair.
  6703 | D:8      | Reached XP level 10. HP: 49/63 MP: 9/9
  7308 | D:8      | Gained mutation: You are partially covered in large bone plates (AC +2, SH +2). [potion of mutation]
  7308 | D:8      | Gained mutation: Your flesh is cold resistant. [potion of mutation]
  7308 | D:8      | Lost mutation: Your flesh is cold resistant. [potion of mutation]
  7508 | D:8      | Reached skill level 9 in Maces & Flails
  7660 | D:9      | Reached skill level 5 in Dodging
  8144 | D:9      | Found a radiant altar of Vehumet.
  8144 | D:9      | Noticed Erolcha
  8154 | D:9      | Paralysed by Erolcha for 5 turns
  8165 | D:9      | Killed Erolcha
  8440 | D:10     | Entered Level 10 of the Dungeon
  8552 | D:10     | Reached XP level 11. HP: 68/68 MP: 9/9
  8573 | D:10     | Reached skill level 10 in Maces & Flails
  8633 | D:10     | Noticed a hill giant
  8648 | D:10     | Killed a hill giant
  8928 | D:10     | Noticed a hill giant
  8947 | D:10     | Killed a hill giant
  9010 | D:10     | Gained mutation: Potions and wands are less effective at restoring your health. [potion of mutation]
  9011 | D:10     | Gained mutation: You have a pair of small horns on your head. [potion of mutation]
  9011 | D:10     | Lost mutation: You occasionally shout uncontrollably at your foes. [potion of mutation]
  9011 | D:10     | Gained mutation: You are resistant to hostile enchantments. [potion of mutation]
  9710 | D:11     | Found a shimmering altar of Xom.
  9770 | D:11     | Found a staircase to the Orcish Mines.
  9986 | D:11     | Gained mutation: You are weak. (Str -2) [Ru sacrifice]
  9986 | D:11     | Reached *** piety under Ru
 10027 | D:11     | Noticed a soul eater
 10191 | D:11     | Noticed Maud
 10236 | D:11     | Killed Maud
 10757 | D:11     | Found Sas Bate's Food Emporium.
 10940 | Orc:1    | Entered Level 1 of the Orcish Mines
 10940 | Orc:1    | Found Jeazytun's Magic Scroll Emporium.
 10940 | Orc:1    | Noticed an orc knight
 10942 | Orc:1    | Noticed an orc knight
 11413 | D:12     | Reached skill level 11 in Maces & Flails
 11567 | D:12     | Reached XP level 12. HP: 72/76 MP: 10/10
 11781 | D:13     | Noticed a centaur warrior
 11790 | D:13     | Killed a centaur warrior
 12091 | D:13     | Gained mutation: Your skin changes colour to match your surroundings (Stealth). [potion of mutation]
 12091 | D:13     | Gained mutation: You are partially covered in rugged brown scales (AC +1, +3% HP). [potion of mutation]
 12585 | D:13     | Lost mutation: Potions and wands are less effective at restoring your health. [mutagenic meat]
 12710 | D:14     | Reached skill level 10 in Armour
 12743 | D:14     | Reached skill level 10 in Fighting
 12747 | D:14     | Lost mutation: You are partially covered in large bone plates (AC +2, SH +2). [mutagenic meat]
 12748 | D:14     | Lost mutation: You have a pair of small horns on your head. [mutagenic meat]
 12749 | D:14     | Gained mutation: Your mind is acute. (Int +2) [mutagenic meat]
 12892 | D:14     | Reached skill level 10 in Shields
 12904 | D:14     | Gained mutation: You are clumsy. (Dex -2) [mutagenic meat]
 12907 | D:14     | Gained mutation: Your flesh is cold resistant. [mutagenic meat]
 12908 | D:14     | Gained mutation: You are very weak. (Str -4) [mutagenic meat]
 12910 | D:14     | Lost mutation: You are clumsy. (Dex -2) [mutagenic meat]
 13479 | D:14     | Noticed a centaur warrior
 13979 | D:14     | Reached XP level 13. HP: 74/85 MP: 11/11
 14069 | D:14     | Noticed a yaktaur captain
 14102 | D:14     | Killed a yaktaur captain
 14102 | D:14     | Reached skill level 12 in Maces & Flails
 14124 | D:14     | Found a gate to the Vaults.
 14566 | D:14     | Noticed Roxanne
 15190 | D:15     | Entered Level 15 of the Dungeon
 15948 | D:15     | Lost mutation: You are very weak. (Str -4) [mutagenic meat]
 15949 | D:15     | Lost mutation: Your skin changes colour to match your surroundings (Stealth). [mutagenic meat]
 17405 | D:15     | Found a staircase to the Depths.
 17452 | D:15     | Noticed a salamander stormcaller
 17482 | D:15     | Killed a salamander stormcaller
 17482 | D:15     | Gained mutation: Your large and strong wings let you fly indefinitely. [Gargoyle growth]
 17482 | D:15     | Reached XP level 14. HP: 11/92 MP: 12/12
 17484 | D:15     | Engulfed by a cloud of flame

Vault maps used:
D:1:      minmay_arrival_widening_spiral_narrow
D:2:      grunt_temple_overflow_forces_of_nature, first_bread,
          ecumenical_altar_2, st_stairs_7, minmay_misc_feat_tiny, uniq_sigmund,
          uniq_iyjb
D:3:      nicolae_overflow_hidden_temple, old_standard_altar,
          grunt_temple_overflow_open
D:4:      uniq_robin, uniq_grinder
D:5:      minmay_temple_entry_statues_pillars, uniq_menkaure
D:6:      columned_hall_lemuel, dk_noncrumbling_3, tgw_fedhas, uniq_eustachio
D:7:      gammafunk_temple_overflow_pools
D:8:      black_bear_nest_2, lair_0_dummy, nicolae_lava_and_water
D:9:      vehumet_statue, uniq_erolcha
D:11:     orc_0_dummy, serial_shops, kennysheep_little_box, grunt_pizzeria,
          xom_teletrap_fun, uniq_maud
D:14:     david_vaults_2, kennysheep_another_room, hangedman_corner_corridor,
          uniq_roxanne
D:15:     hangedman_depths_entry_civil_slaughter, kennysheep_flooded_box
Orc:1:    serial_shops, shop, shop_scrolls, shop, nicolae_orc_flooded_monolith

Skill      XL: |  1  2  3  4  5  6  7  8  9 10 11 12 13 |
---------------+----------------------------------------+-----
Dodging        | 1 2 3 4 5 6 7 8 |  8.5
Fighting       | 4 5 7 8 9 10 11 | 11.6
Maces & Flails | 3 4 5 6 8 9 11 12 | 12.6
Armour         | 4 5 6 7 9 10 11 | 11.7
Shields        | 4 5 6 7 9 10 11 | 11.4

Action                   |  1- 3 |  4- 6 |  7- 9 | 10-12 | 13-15 || total
-------------------------+-------+-------+-------+-------+-------++-------
Melee: Flail             |    85 |       |       |       |       ||    85
       Whip              |    30 |   167 |   630 |  1389 |   866 ||  3082
       Falchion          |       |       |    12 |       |       ||    12
       Unarmed           |       |       |       |     1 |       ||     1
       Headbutt          |       |       |       |   109 |       ||   109
Invok: Sacrifice Arcana  |     1 |       |       |       |       ||     1
       Sacrifice Stealth |       |       |     1 |       |       ||     1
       Sacrifice Essence |       |       |     1 |       |       ||     1
       Reject Sacrifices |       |       |       |     2 |       ||     2
       Draw Out Power    |       |       |       |     2 |     5 ||     7
       Sacrifice Purity  |       |       |       |     1 |       ||     1
Evoke: Wand              |       |       |     8 |       |       ||     8
  Use: Scroll            |       |       |       |    16 |     4 ||    20
       Potion            |       |       |       |     4 |       ||     4
 Stab: Distracted        |       |     1 |       |     3 |     1 ||     5
       Paralysed         |       |       |     6 |       |       ||     6
       Invisible         |       |       |       |     2 |       ||     2
  Eat: Chunk             |       |     4 |    18 |    35 |    10 ||    67
       Pizza             |       |       |       |     1 |       ||     1
       Fruit             |       |       |       |     2 |     2 ||     4
       Royal jelly       |       |       |       |     1 |     1 ||     2
       Beef jerky        |       |       |       |       |     1 ||     1
Armor: Scale mail        |    71 |   117 |   138 |       |       ||   326
       Plate armour      |       |       |    66 |   441 |   219 ||   726
Dodge: Dodged            |    42 |    61 |   118 |   145 |   110 ||   476
Block: Shield            |    70 |   103 |   215 |   563 |   195 ||  1146
       Buckler           |       |       |       |       |    70 ||    70
